cohdb
Replays
Latest Replays
All Replays
Popular Replays
Top Player Replays
Match Explorer
How It Works
Community
CoH3 Stats
Reddit
Sign in to upload your games and track your stats! →
Sign in with Steam
Match 44869346
Unlisted
Match 44869346
Overview
Messages
Build Orders
End
Construct Infanterie Kompanie
Selects Breakthrough Battlegroup
Selects Assault Grenadiers
MG 42 Machine Gun Team
Grenadier Squad
Grenadier Squad
Construct Panzergrenadier Kompanie
Grenadier Squad
Selects 2.5-tonne Cargo Truck
251 Medium Carrier
2.5-tonne Cargo Truck
MG 42 Machine Gun Team
Support Elements
Pioneer Squad
Panzergrenadier Squad
StuG III G Assault Gun
StuG III G Assault Gun
Pak 40 Anti-tank Gun Team
Selects Breakthrough
Selects Incendiary Bombing Run
Incendiary Bombing Run
mYTHEstar
Cavior
=★= 21 SAUSAGE
Tornio
Gladiator
admiral_gnar
kcmonino
torq1
0
0
Comments
sign in to comment!
No comments posted yet!